 Dungeon Crawl Stone Soup version 0.22-a0-858-g985ef60 (webtiles) character file.

32 wazuzu the Digger (level 3, -3/21 HPs)
             Began as an Octopode Earth Elementalist on July 27, 2018.
             Slain by Terence
             ... wielding a +0 hand axe of electrocution
              (17 damage)
             ... on level 2 of the Dungeon.
             The game lasted 00:02:24 (1508 turns).

wazuzu the Digger (Octopode Earth Elementalist)     Turns: 1508, Time: 00:02:24

Health: -3/21      AC:  1    Str:  7    XL:     3   Next: 27%
Magic:  0/7        EV: 13    Int: 18    God:
Gold:   67         SH:  0    Dex: 12    Spells: 3/7 levels left

rFire    . . .     SeeInvis .   a - +0 dagger
rCold    . . .     Gourm    .   (no shield)
rNeg     . . .     Faith    .   (helmet restricted)
rPois    .         Spirit   .   (no amulet)
rElec    .         Reflect  .   (no ring)
rCorr    .         Harm     .   (no ring)
MR       .....                  (no ring)
Stlth    +++.......             (no ring)
HPRegen  0.07/turn              (no ring)
MPRegen  0.10/turn              (no ring)
                                (no ring)
                                (no ring)

@: no status effects
A: almost no armour, stealthy swim, amphibious, 8 rings, constrict 8, camouflage
1, gelatinous body 1
a: no special abilities


You were on level 2 of the Dungeon.
You were not hungry.

You visited 1 branch of the dungeon, and saw 2 of its levels.

You collected 67 gold pieces.

Inventory:

Hand Weapons
 a - a +0 dagger (weapon)
Missiles
 b - 32 stones (quivered)
Jewellery
 i - a +1 ring of evasion {unknown}
Scrolls
 d - a scroll of immolation {unknown}
 f - 2 scrolls of identify {unknown}
 g - 2 scrolls of teleportation {unknown}
Potions
 e - 2 potions of flight {unknown}
 h - 2 potions of curing {unknown}
Comestibles
 c - 4 rations


   Skills:
 - Level 2.0 Dodging
 - Level 2.6 Stealth
 + Level 2.7 Spellcasting
 * Level 0.0 Conjurations
   Level 1.0 Transmutations
 + Level 3.7 Earth Magic


You had 3 spell levels left.
You knew the following spells:

 Your Spells              Type           Power        Failure   Level  Hunger
a - Stone Arrow           Conj/Erth      #.....       24%         3    ###....
z - Sandblast             Erth           ###...       3%          1    None

Your spell library contained the following spells:

 Spells                   Type           Power        Failure   Level  Hunger
 Passwall                 Tmut/Erth      ##......     10%         2    ##.....
 Lee's Rapid Deconstruct  Erth           ###.......   71%         5    ######.
 Petrify                  Tmut/Erth      ##......     54%         4    ####...


Dungeon Overview and Level Annotations

Branches:
Dungeon (2/15)

Altars:

Annotations:
D:2 Terence


Innate Abilities, Weirdness & Mutations

You cannot wear most types of armour.
You are very stealthy in the water. (Stealth+)
You are amphibious.
You can wear up to eight rings at the same time.
You can use your tentacles to constrict eight enemies at once.
Your skin changes colour to match your surroundings (Stealth+).
Your rubbery body absorbs attacks. (AC +1, EV +1)


Message History

b - 33 stones Terence closely misses you.
Casting: Sandblast (safe; 3% risk of failure)
Confirm with . or Enter, or press ? or * to list all spells.
Aiming: Sandblast (safe; 3% risk of failure)
Press: ? - help, Shift-Dir - straight line, f/p - Terence
Aim: Terence, wielding a hand axe of electrocution and wearing a scale mail (heavily wounded)
The blast of sand hits Terence.
Terence is almost dead.
b - 32 stones Terence hits you with a hand axe of electrocution.
You don't have enough magic to cast Sandblast!
You don't have enough magic to cast Sandblast!
You don't have enough magic to cast Sandblast!
You hit Terence.
Terence is almost dead.
Terence hits you with a hand axe of electrocution.
You are electrocuted!
Ouch! That really hurt!
You die...

# ##.
###...########.#
......@@<......#
###...##########
##. #


You could see Terence.

Vanquished Creatures
  A gnoll (D:1)
  A dart slug (D:1)
  2 giant cockroaches (D:1)
  A goblin (D:1)
  A hobgoblin (D:1)
  3 jackals (D:1)
  2 frilled lizards (D:1)
  9 kobolds (D:1)
  A rat (D:1)
21 creatures vanquished.

Notes
Turn   | Place    | Note
-------+----------+-------------------------------------------
     0 | D:1      | wazuzu the Octopode Earth Elementalist began the quest for the Orb.
     0 | D:1      | Reached XP level 1. HP: 11/11 MP: 3/3
   348 | D:1      | Reached XP level 2. HP: 5/17 MP: 3/5
   914 | D:1      | Reached XP level 3. HP: 21/21 MP: 2/6
  1472 | D:1      | Learned a level 3 spell: Stone Arrow
  1499 | D:2      | Noticed Terence
  1508 | D:2      | Slain by Terence

Vault maps used:
D:1:      mrwooster_arrival_statue
D:2:      lemuel_round_altar, minmay_pentomino_z2, uniq_terence

Action                   || total
-------------------------++-------
Melee: Unarmed           ||     8
       Dagger            ||    10
       Constrict         ||     5
       Tentacles         ||     1
 Cast: Sandblast         ||    31
  Eat: Chunk             ||     2
Armor: Skin              ||     1
Dodge: Dodged            ||    19

Table legend:
 A = Spawn XP
 B = Non-spawn XP
 C = Spawn XP percentage of total XP
 D = Spawn monster count
 E = Non-spawn monster count
 F = Spawn count percentage of total count
 G = Total turns spent on level
                    A         B        C        D         E        F      G
               +---------+---------+-------+---------+---------+-------+---------
         Total |       0 |      47 |   0.0 |       0 |      21 |   0.0 |  1508
               +---------+---------+-------+---------+---------+-------+---------
           D:1 |       0 |      47 |   0.0 |       0 |      21 |   0.0 |  1499
               +---------+---------+-------+---------+---------+-------+---------
